 Dungeon Crawl Stone Soup version 0.29.1-15-g9cfb28693d (webtiles) character file.

Game seed: 9358922561194113040

1145 workbot the Cleaver (level 8, -12/73 HPs)
             Began as a Minotaur Berserker on Apr 4, 2023.
             Was a Believer of Trog.
             Mangled by a two-headed ogre
             ... wielding a +0 giant club
              (20 damage)
             ... on level 5 of the Dungeon.
             The game lasted 00:11:05 (4001 turns).

workbot the Cleaver (Minotaur Berserker)            Turns: 4001, Time: 00:11:08

Health: -12/73     AC: 12    Str: 24    XL:     8   Next: 15%
Magic:  7/7        EV:  7    Int:  4    God:    Trog [**....]
Gold:   361        SH:  0    Dex: 10    Spells: 7/7 levels left

rFire   . . .      SeeInvis .   a - +0 hand axe
rCold   . . .      Faith    .   (no shield)
rNeg    . . .      Spirit   .   f - +0 plate armour
rPois   .          Reflect  .   (helmet restricted)
rElec   .          Harm     .   (no cloak)
rCorr   .          Rampage  .   (no gloves)
Will    +....                   d - +0 pair of boots
Stlth   ..........              (no amulet)
HPRegen 0.22/turn               c - ring of willpower
MPRegen 0.10/turn               (no ring)

@: lethally poisoned (-12 -> -27)
A: horns 2, retaliatory headbutt
a: Renounce Religion, Berserk, Trog's Hand


You were on level 5 of the Dungeon.
You worshipped Trog.
Trog was pleased with you.
You visited 1 branch of the dungeon, and saw 6 of its levels.

You collected 361 gold pieces.

Inventory:

Hand Weapons
 a - a +0 hand axe (weapon)
 i - a +4 quarterstaff of chaos
Armour
 d - a +0 pair of boots (worn)
 f - a +0 plate armour (worn)
 j - a +0 cloak
Jewellery
 c - a ring of willpower (left hand)
Wands
 l - a wand of digging (7)
Scrolls
 b - 2 scrolls of identify
 g - 2 scrolls of poison
 h - a scroll of blinking
 m - a scroll of brand weapon {unknown}
 n - a scroll of noise {unknown}
 q - a scroll of fog {unknown}
Potions
 o - 2 potions of ambrosia {unknown}
 p - a potion of attraction {unknown}
 r - a potion of flight {unknown}


   Skills:
 + Level 7.5 Fighting
 * Level 10.2 Axes
 - Level 2.4 Armour
 - Level 2.1 Dodging


You had 7 spell levels left.
You didn't know any spells.
Your spell library contained the following spells:

 Spells                   Type           Power      Damage    Failure   Level
 Magic Dart               Conj           0%         1d3       100%        1
 Call Imp                 Summ           0%         N/A       100%        2
 Mephitic Cloud           Conj/Pois/Air  0%         N/A       100%        3
 Portal Projectile        Hex/Tloc       0%         N/A       100%        3
 Tukima's Dance           Hex            0%         N/A       100%        3
 Summon Ice Beast         Ice/Summ       0%         N/A       100%        4
 Blade Hands              Tmut           0%         N/A       100%        5
 Summon Mana Viper        Hex/Summ       0%         N/A       100%        5
 Monstrous Menagerie      Summ           0%         N/A       100%        7


Dungeon Overview and Level Annotations

Branches:
Dungeon (6/15)
 Temple: D:4-7

Altars:
Vehumet
Xom
The Shining One

Shops:
D:3 :


Innate Abilities, Weirdness & Mutations

You have a pair of horns on your head.
You reflexively headbutt those who attack you in melee.


Message History

A two-headed ogre comes into view. It is wielding two +0 giant clubs.
As you read the scroll of fear, it crumbles to dust.
You assume a fearsome visage.
The water moccasin looks frightened!
The ice beast looks frightened!
The black bear looks frightened!
The two-headed ogre looks frightened!
The scorpion looks frightened!
The orc wizard looks frightened!
You feel yourself speed up.
The orc wizard casts a spell.
The orc wizard flickers and vanishes!
Deactivating autopickup; reactivate with Ctrl-A.
Found a scroll labelled WYPPUEFOID.
Found a robe.
You recover from your berserk rage.
You see here a scroll labelled WYPPUEFOID.
You start resting.
A two-headed ogre is nearby!
Blink to where?
Press: ? - help, Dir - move target
Found 15 gold pieces.
Found a stone staircase leading down.
As you read the scroll of blinking, it crumbles to dust.
There is a stone staircase leading down here.
You climb downwards.
Reactivating autopickup.
There is a stone staircase leading up here.
You start resting.
HP restored.
You climb upwards.
There is a stone staircase leading down here.
There is a stone staircase leading down here.
You hit the two-headed ogre. You headbutt the two-headed ogre.
The two-headed ogre is lightly wounded.
The two-headed ogre hits you with a +0 giant club!!
The two-headed ogre hits you with a +0 giant club!
The water moccasin bites you.
You are poisoned.
The water moccasin poisons you!
The two-headed ogre hits you with a +0 giant club!!
* * * LOW HITPOINT WARNING * * *
The two-headed ogre hits you with a +0 giant club!!
You die...

#........####
#..=.............#..
#..................
#.......#.........#
##.....##........#
##.######........# #..#
#...$....### .##.##
#....S.....#
...O#######....O@....###
......?.................
#####.#############.####
#.# # #.# #.# #.# [..
###


You could see a two-headed ogre and a water moccasin.

Vanquished Creatures
  Grinder (D:3)
  3 yaks (D:4)
  A phantom (D:5)
  A kobold brigand (D:5)
  A hound (D:4)
  Crazy Yiuf (D:2)
  An orc priest (D:4)
  An iguana (D:4)
  2 orc wizards
  9 adders
  An ufetubus (D:5)
  2 worms
  A dart slug (D:2)
  13 orcs
  5 bats
  5 endoplasms
  5 giant cockroaches
  7 goblins
  16 hobgoblins
  2 jackals (D:1)
  8 kobolds
  2 quokkas
  5 ball pythons
  A frilled lizard (D:1)
  7 rats
101 creatures vanquished.

Notes
Turn   | Place    | Note
-------+----------+-------------------------------------------
     0 | D:1      | workbot the Minotaur Berserker began the quest for the Orb.
     0 | D:1      | Reached XP level 1. HP: 19/19 MP: 0/0
    69 | D:1      | Reached skill level 4 in Axes
    78 | D:1      | Reached XP level 2. HP: 10/27 MP: 1/1
   848 | D:1      | Reached XP level 3. HP: 33/33 MP: 2/2
  1151 | D:2      | Reached skill level 5 in Axes
  1299 | D:2      | Reached ** piety under Trog
  1301 | D:2      | Reached XP level 4. HP: 41/41 MP: 3/3
  1489 | D:2      | Found a runed translucent door.
  1490 | D:2      | Noticed Crazy Yiuf
  1796 | D:2      | Killed Crazy Yiuf
  1883 | D:3      | Noticed Grinder
  1890 | D:3      | Killed Grinder
  1891 | D:3      | Reached skill level 5 in Fighting
  1891 | D:3      | Reached skill level 7 in Axes
  1891 | D:3      | Reached XP level 5. HP: 49/49 MP: 4/4
  1891 | D:3      | Reached XP level 6. HP: 56/56 MP: 5/5
  1895 | D:3      | Found Huickibe's Book Boutique.
  2175 | D:3      | Found a faded altar of an unknown god.
  2198 | D:3      | Found a shimmering altar of Xom.
  2559 | D:4      | Found a glowing golden altar of the Shining One.
  2895 | D:4      | Found a radiant altar of Vehumet.
  3012 | D:4      | Reached skill level 8 in Axes
  3061 | D:4      | Reached XP level 7. HP: 48/63 MP: 6/6
  3342 | D:5      | Entered Level 5 of the Dungeon
  3342 | D:5      | Noticed a yak
  3342 | D:5      | Noticed a yak
  3353 | D:4      | Killed a yak
  3467 | D:5      | Noticed a yak
  3482 | D:4      | Killed a yak
  3483 | D:4      | Reached skill level 9 in Axes
  3573 | D:4      | Killed a yak
  3698 | D:5      | Reached XP level 8. HP: 73/73 MP: 7/7
  3701 | D:5      | Reached skill level 10 in Axes
  3716 | D:5      | Noticed a two-headed ogre
  4001 | D:5      | Mangled by a two-headed ogre

Illustrated notes

Levels and vault maps discovered:
D:1:      shiori_arrival_oz, layout_loops_ring
D:2:      layout_rooms, uniq_crazy_yiuf_cottage
D:3:      layout_loops_cross, mainiacjoe_overflow_surrounded_room, serial_shops,
          shop, basic_ecumenical_altar, uniq_grinder
D:4:      layout_basic, mainiacjoe_overflow_six_doors_small,
          mainiacjoe_overflow_alcove_4, kennysheep_orc_chapel
D:5:      cheibrodos_fzero, layout_rooms,
          nicolae_uskayaw_murder_on_the_dancefloor, kennysheep_orc_sif_temple,
          serial_corexii_hall, corexii_hall_statues_u, corexii_hall_statues_i,
          corexii_hall_statues_l, corexii_hall_statues_u, roderic_lattice_a,
          uniq_sigmund
D:6:      layout_basic, lemuel_round_altar, minmay_temple_entry_nine_rooms

Skill      XL: |  1  2  3  4  5  6  7  8 |
---------------+-------------------------+-----
Axes           | 4 5 7 8 9 10 | 10.2
Fighting       | 4 5 6 7 |  7.5
Armour         | |  2.4
Dodging        | |  2.1

Action                   |  1- 3 |  4- 6 |  7- 9 || total
-------------------------+-------+-------+-------++-------
Melee: Hand axe          |    87 |    94 |    70 ||   251
       Headbutt          |    11 |    16 |    11 ||    38
       Punch             |       |     1 |       ||     1
Invok: Berserk           |     1 |     4 |     1 ||     6
       Trog's Hand       |       |     1 |       ||     1
  Use: Potion            |     1 |       |       ||     1
       Scroll            |     1 |     3 |     4 ||     8
Armor: Animal skin       |    13 |       |       ||    13
       Plate armour      |    20 |    46 |    44 ||   110
       Leather armour    |     1 |       |       ||     1
Dodge: Dodged            |    31 |    32 |    31 ||    94
